 Dungeon Crawl Stone Soup version 0.30.1-3-gfc49f6343a (webtiles) character file.

Game seed: 17755405344215185743

1316 shmup the Firebug (level 8, -2/48 HPs)
             Began as a Tengu Fire Elementalist on Aug 5, 2023.
             Was a Follower of Sif Muna.
             Slain by an unseen horror (10 damage)
             ... on level 5 of the Dungeon.
             The game lasted 00:14:18 (6532 turns).

shmup the Firebug (Tengu Fire Elementalist)         Turns: 6532, Time: 00:14:19

Health: -2/48      AC:  2    Str:  9    XL:     8   Next: 59%
Magic:  12/12      EV: 16    Int: 24    God:    Sif Muna [*.....]
Gold:   263        SH:  0    Dex: 14    Spells: 5/11 levels left

rFire   . . .        D - +2 dagger (protect)
rCold   . . .        (no shield)
rNeg    . . .        a - +0 robe
rPois   .            (helmet restricted)
rElec   .            (no cloak)
rCorr   .            (no gloves)
SInv    .            (boots unavailable)
Will    .....        (no amulet)
Stlth   ++           y - +6 ring of intelligence
HPRegen 0.28/turn    (no ring)
MPRegen 0.13/turn

%: no passive effects
@: flying quickly and evasively, quick
A: beak, talons 3, nimble flight
a: Renounce Religion, Channel Magic


You were on level 5 of the Dungeon.
You worshipped Sif Muna.
Sif Muna was aware of your devotion.
You visited 2 branches of the dungeon, and saw 6 of its levels.

You collected 263 gold pieces.

Inventory:

Hand Weapons
 c - a +0 short sword
 d - a +0 rapier
 f - a +0 whip
 l - a +1 dagger of protection
 D - a +2 dagger of protection (weapon)
Missiles
 e - 39 stones (quivered)
 r - 7 poisoned darts
Armour
 a - a +0 robe (worn)
 s - the +0 tower shield of Hangman {rC+ Str+5 Slay+3}
   (You found it on level 3 of the Dungeon)

   Str:       It affects your strength (+5).
   Slay:      It affects your accuracy & damage with ranged weapons and melee
   (+3).
   rC:        It protects you from cold.
 C - a +1 cloak
Magical Staves
 v - a staff of earth
Jewellery
 y - a +6 ring of intelligence (left hand)
Wands
 q - a wand of roots (8)
Scrolls
 h - 3 scrolls of teleportation
 j - a scroll of blinking {unknown}
 k - a scroll of enchant armour {unknown}
 o - a scroll of amnesia
 p - a scroll of vulnerability
 u - 2 scrolls of butterflies {unknown}
 x - a scroll of brand weapon {unknown}
 A - a scroll of poison {unknown}
 B - 2 scrolls of silence {unknown}
 F - a scroll of identify
 G - a scroll of noise {unknown}
 H - a scroll of torment {unknown}
 J - a scroll of fear {unknown}
Potions
 b - a potion of magic
 g - a potion of invisibility
 i - 4 potions of flight
 m - 3 potions of berserk rage {unknown}
 n - 3 potions of curing
 t - a potion of cancellation {unknown}
 w - 2 potions of degeneration {unknown}
 z - 2 potions of heal wounds {unknown}
 E - a potion of attraction {unknown}
 I - a potion of mutation {unknown}


   Skills:
 + Level 3.7 Fighting
 + Level 4.8 Dodging
 - Level 2.0 Stealth
 - Level 2.0 Spellcasting
 - Level 5.6 Conjurations
 + Level 2.7 Hexes
 - Level 7.4 Fire Magic


You had 5 spell levels left.
You knew the following spells:

 Your Spells              Type           Power      Damage    Failure   Level
a - Foxfire               Conj/Fire      100%       2x1d9     1%          1
b - Scorch                Fire           76%        2d8       1%          2
c - Inner Flame           Hex/Fire       26%        N/A       4%          3

Your spell library contained the following spells:

 Spells                   Type           Power      Damage    Failure   Level
 Magic Dart               Conj           100%       1d8       1%          1
 Volatile Blastmotes      Fire/Tloc      40%        2d13      8%          3
 Flame Wave               Conj/Fire      33%        2d10      9%          4
 Sticky Flame             Conj/Fire      33%        2d5       9%          4
 Freeze                   Ice            8%         1d3       12%         1
 Sandblast                Erth           4%         2d4       12%         1
 Hailstorm                Conj/Ice       15%        3d5       12%         3
 Stone Arrow              Conj/Erth      30%        3d8       12%         3
 Ignite Poison            Fire/Tmut/Pois 14%        N/A       13%         3
 Mephitic Cloud           Conj/Pois/Air  11%        N/A       17%         3
 Call Imp                 Summ           4%         N/A       19%         2
 Passwall                 Tmut/Erth      1%         N/A       19%         2
 Frozen Ramparts          Ice            4%         1d1       34%         3
 Ignition                 Fire           19%        3d7       100%        8


Dungeon Overview and Level Annotations

Branches:
Dungeon (5/15) Zot: 23769  Temple (1/1) D:5 Zot: 5904

Altars:
Cheibriados
Dithmenos
Elyvilon
Fedhas
Gozag
Kikubaaqudgha
Qazlal
Ru
Sif Muna
Uskayaw
Vehumet
Wu Jian
Xom
Yredelemnul
The Shining One

Shops:
D:1 [   D:5 :*

Annotations:
D:3 1 runed translucent door, exclusion: 2 downstairs, nifboy's ghost, amateur DrCj


Innate Abilities, Weirdness & Mutations

You have a beak for a mouth.
You have claws for feet.
Your magical nature lets you fly swiftly and evasively.


Message History

Flames lash the scorpion.
The scorpion is almost dead.
You feel sick. The scorpion misses you.
Unknown command.
Casting: Scorch (safe; 1% risk of failure)
Confirm with . or Enter, or press ? or * to list all spells.
Flames lash the scorpion.
The scorpion is burned terribly!
You kill the scorpion!
Sif Muna accepts your kill.
You feel sick.
You start resting.
You feel sick. x5
You are no longer poisoned.
You start resting.
Magic restored.
You start resting.
HP restored.
i - 4 potions of flight (gained 1)
Items here: % ) [.
Something hits you but does no damage.
Deactivating autopickup; reactivate with Ctrl-A.
Something hits you! Something hits you. Something barely misses you.
Items here: % ) [.
Something barely misses you.
You barely miss something. Your kick misses something. You peck something.
Something hits you. Something hits you!
* * * LOW HITPOINT WARNING * * *
Something hits you!
* * * LOW HITPOINT WARNING * * *
Something hits you.
* * * LOW HITPOINT WARNING * * *
Something hits you.
* * * LOW HITPOINT WARNING * * *
Something hits you.
* * * LOW HITPOINT WARNING * * *
Something hits you.
* * * LOW HITPOINT WARNING * * *
You feel better. Something hits you!
You die...

▒....▒... ▒.........
▒..▒...▒.. ▒ ▒...▒.▒... .▒
▒▒▒....▒...▒ ..▒▒
▒.▒......... ...▒
▒....▒...▒ ...▒▒ ▒Q.)..▒.▒
....▒ ▒▒▒▒ ▒▒......▒v..
....▒ ▒▒▒..▒▒▒.▒▒).......
....▒ ▒.....▒..▒▒..▒...▒..
...▒▒ ▒▒.......▒▒▒...▒.▒..
)..▒▒▒▒........▒ ▒....▒...▒
......▒........▒▒▒▒........
..▒▒▒...........▒ ▒▒▒▒▒▒▒▒
▒▒▒ ▒▒▒.........▒ ▒▒▒▒▒


There were no monsters in sight!

Vanquished Creatures
  Eustachio (D:5)
  2 ice beasts (D:5)
  2 black bears
  A phantom (D:5)
  A gnoll sergeant (D:5)
  3 scorpions
  A hound (D:5)
  A jelly (D:2)
  A gnoll bouda (D:4)
  3 orc wizards
  2 iguanas (D:4)
  Robin (D:2)
  5 adders
  8 gnolls
  2 white imps (D:5)
  6 worms
  4 dart slugs
  8 orcs
  8 ball pythons
  7 bats
  4 endoplasms
  5 giant cockroaches
  17 goblins
  15 hobgoblins
  8 jackals
  10 kobolds
  4 quokkas
  5 frilled lizards
  7 rats
142 creatures vanquished.

Vanquished Creatures (others)
  319 foxfires
319 creatures vanquished.

Grand Total: 461 creatures vanquished

Notes
Turn   | Place    | Note
-------+----------+-------------------------------------------
     0 | D:1      | shmup the Tengu Fire Elementalist began the quest for the
                  | Orb.
     0 | D:1      | Reached XP level 1. HP: 10/10 MP: 4/4
   285 | D:1      | Reached XP level 2. HP: 15/15 MP: 0/6
   343 | D:1      | Found Puoschiuq's Armour Shop.
   400 | D:1      | Reached skill level 4 in Fire Magic
   423 | D:1      | Learned a level 2 spell: Scorch
   570 | D:1      | Reached XP level 3. HP: 17/19 MP: 5/7
  1202 | D:2      | Reached XP level 4. HP: 24/24 MP: 4/8
  1306 | D:2      | Reached skill level 5 in Fire Magic
  2034 | D:2      | Gained mutation: Your magical nature lets you fly swiftly
                  | and evasively. [Tengu growth]
  2034 | D:2      | Reached XP level 5. HP: 28/28 MP: 5/9
  2036 | D:2      | Noticed Robin
  2039 | D:2      | Killed Robin
  2906 | D:3      | Identified the +0 tower shield of Hangman {rC+ Str+5
                  | Slay+3}
  3109 | D:3      | Found a runed translucent door.
  3581 | D:3      | Noticed nifboy's ghost (amateur DrCj)
  3649 | D:4      | Reached skill level 6 in Fire Magic
  3806 | D:4      | Reached XP level 6. HP: 32/32 MP: 5/10
  3890 | D:4      | Noticed a black bear
  4128 | D:4      | Found a large runed translucent door.
  4129 | D:4      | Found a large runed translucent door.
  4517 | D:4      | Killed a black bear
  4518 | D:4      | Reached skill level 5 in Conjurations
  4598 | D:4      | Reached skill level 7 in Fire Magic
  4598 | D:4      | Reached XP level 7. HP: 36/36 MP: 7/11
  5148 | D:4      | Found a glowing golden altar of the Shining One.
  5172 | D:4      | Found a shimmering blue altar of Sif Muna.
  5176 | D:4      | Became a worshipper of Sif Muna the Loreminder
  5341 | D:5      | Entered Level 5 of the Dungeon
  5352 | D:5      | Found Saremaps's General Store.
  5369 | D:5      | Learned a level 3 spell: Inner Flame
  5396 | D:5      | Reached skill level 1 in Fighting
  5475 | D:5      | Reached skill level 1 in Hexes
  5535 | D:5      | Noticed Eustachio
  5559 | D:5      | Killed Eustachio
  5652 | D:5      | Reached XP level 8. HP: 45/45 MP: 8/12
  6159 | D:5      | Found Coclyrei's Book Boutique.
  6163 | D:5      | Found a staircase to the Ecumenical Temple.
  6176 | Temple   | Entered the Ecumenical Temple
  6366 | D:5      | Reached * piety under Sif Muna
  6530 | D:5      | HP: 1/48 [something (6)]
  6532 | D:5      | Slain by an unseen horror

Illustrated notes

Levels and vault maps discovered:
D:1:      dpeg_arrival_chambers_temple_mockup, layout_loops_ring, serial_shops,
          shop, minmay_stone_trees_small
D:2:      minmay_alternating_diamond, layout_basic, serial_bayou,
          serial_bayou_pond_d, serial_bayou_pond_a, serial_bayou_crossing,
          serial_bayou_pond_e, minmay_door_square, uniq_robin
D:3:      layout_loops_cross, gammafunk_ghost_grave,
          chequers_serial_rivers_room_a
D:4:      layout_gridville, jmf_multi_god_temple2, solitary_fountain
D:5:      cheibrodos_fzero, layout_cave_pods,
          mainiacjoe_overflow_surrounded_room, temple_fountains, serial_shops,
          nicolae_shop_window_shopping, shop, shop, uniq_edmund, uniq_eustachio
Temple:   dshaligram_water_room_temple

Skill      XL: |  1  2  3  4  5  6  7  8 |
---------------+-------------------------+-----
Conjurations   | 2 3 4 5 |  5.6
Fire Magic     | 4 5 6 7 |  7.4
Fighting       | 2 3 |  3.7
Hexes          | 1 2 |  2.7
Dodging        | 3 4 |  4.8
Stealth        | |  2.0
Spellcasting   | |  2.0

Action                     |  1- 3 |  4- 6 |  7- 9 || total
---------------------------+-------+-------+-------++-------
  Melee: Short sword       |    12 |    12 |       ||    24
         Kick              |     4 |     2 |       ||     6
         Peck              |     1 |       |     3 ||     4
         Dagger            |       |       |     4 ||     4
   Cast: Foxfire           |    30 |   112 |    56 ||   198
         Scorch            |     3 |    31 |    27 ||    61
    Use: Scroll            |     2 |     3 |     1 ||     6
         Potion            |       |       |     1 ||     1
 Armour: Robe              |     3 |     3 |     2 ||     8
  Dodge: Dodged            |    20 |    36 |    33 ||    89
